 Dungeon Crawl Stone Soup version 0.25-b1-37-g2669288c55 (webtiles) character file.

Game seed: 15084720704880724214

182 Descartes the Sneak (level 5, -1/25 HPs)
             Began as a Felid Monk on June 5, 2020.
             Slain by a scorpion (7 damage)
             ... on level 3 of the Dungeon.
             The game lasted 00:05:32 (3198 turns).

Descartes the Sneak (Felid Monk)                    Turns: 3198, Time: 00:05:32

Health: -1/25      AC:  1    Str:  8    XL:     5   Next: 34%
Magic:  6/6        EV: 20    Int: 12    God:
Gold:   103        SH:  0    Dex: 18    Spells: 4/4 levels left
                                        Lives:  0   Deaths: 1

rFire    . . .     SeeInvis +     - Unarmed
rCold    . . .     Gourm    .   (shield unavailable)
rNeg     . . .     Faith    .   (armour unavailable)
rPois    .         Spirit   .   (helmet unavailable)
rElec    .         Reflect  .   (cloak unavailable)
rCorr    .         Harm     .   (gloves unavailable)
MR       .....                  (boots unavailable)
Stlth    ++++......             (no amulet)
HPRegen  0.08/turn              (no ring)
MPRegen  0.10/turn              (no ring)

@: lethally poisoned (-1 -> -6), quick
A: very small, no armour, no weapons or thrown items, stealth, claws 1, fangs 3,
see invisible, carnivore, speed 1, shaggy fur 1, slow metabolism 1, sharp paws
a: no special abilities


You were on level 3 of the Dungeon.
You were completely stuffed.

You visited 1 branch of the dungeon, and saw 3 of its levels.

You collected 103 gold pieces.

Inventory:

Missiles
 d - 141 stones
 t - 16 arrows
Jewellery
 k - an uncursed ring of protection from magic {unknown}
 n - an uncursed ring of magical power {unknown}
Scrolls
 c - a scroll of amnesia {unknown}
 h - a scroll of immolation {unknown}
 m - a scroll of remove curse {unknown}
 o - a scroll of fog {unknown}
Potions
 b - a potion of lignification {unknown}
 e - a potion of berserk rage
 f - a potion of invisibility {unknown}
 g - a potion of haste {unknown}
 i - a potion of curing
 j - a potion of degeneration {unknown}
 l - a potion of cancellation {unknown}
 p - 4 potions of might
 q - a potion of stabbing {unknown}
 r - 2 potions of heal wounds
 s - 2 potions of resistance {unknown}
 u - a potion of brilliance {unknown}
Comestibles
 a - 3 rations
 v - 5 chunks of flesh


   Skills:
 + Level 3.7 Fighting
 + Level 4.9 Dodging
 * Level 5.5 Stealth
 * Level 4.5 Unarmed Combat


You had 4 spell levels left.
You didn't know any spells.
Your spell library was empty.

Dungeon Overview and Level Annotations

Branches:
Dungeon (3/15)

Altars:
Cheibriados
Fedhas
Kikubaaqudgha
Nemelex Xobeh
Okawaru
The Shining One

Annotations:
D:2 Terence


Innate Abilities, Weirdness & Mutations

You cannot wear armour.
You are incapable of wielding weapons or throwing items.
Your paws allow you to move quietly. (Stealth)
You have sharp claws.
You have razor-sharp teeth.
You have supernaturally acute eyesight. (SInv)
You are carnivorous and can eat meat at any time.
You cover ground quickly.
You are covered in fur. (AC +1)
You have a slow metabolism.
Your sharp claws are effective at attacking unaware monsters.


Message History

The scorpion is heavily wounded.
The scorpion stings you!
You scratch the scorpion.
The scorpion is severely wounded.
The scorpion stings you.
You are poisoned.
The scorpion poisons you!
You barely miss the scorpion.
The scorpion is severely wounded.
You feel sick. The scorpion completely misses you.
You scratch the scorpion but do no damage.
The scorpion is severely wounded.
You feel sick. The scorpion closely misses you.
You barely miss the scorpion.
The scorpion is severely wounded.
The scorpion completely misses you.
You feel sick.
You see here 13 arrows.
You feel sick. The scorpion stings you!
You die...

..#.# #.#.######## ...........##
##### ..#.######....# #...#
###.#########.####...#
................ +...+
##.#.....####.####...#
...#.....'.......s..)#
####.....#......@..#.#
...#.....#.....(...#.# #.#
##.#.###.+.........# # #.###
##.#.# #.#.........# #.#.. .....#
#.#..(......# #.#.# .#.###
#.#.........# #.#.##
.#.#####.########### #####.#...
.#.......###############.....#...
.............................'...


You could see a scorpion.

Vanquished Creatures
  An ogre (D:3)
  Natasha (D:2)
  A gnoll (D:1)
  4 adders (D:2)
  2 worms
  4 dart slugs
  A leopard gecko (D:1)
  2 bats
  4 giant cockroaches
  5 goblins
  7 hobgoblins
  8 jackals
  8 kobolds
  3 frilled lizards
  8 rats
59 creatures vanquished.

Notes
Turn   | Place    | Note
-------+----------+-------------------------------------------
     0 | D:1      | Descartes the Felid Monk began the quest for the Orb.
     0 | D:1      | Reached XP level 1. HP: 10/10 MP: 2/2
   131 | D:1      | Reached skill level 3 in Stealth
   161 | D:1      | Reached XP level 2. HP: 14/14 MP: 3/3
   835 | D:2      | Reached XP level 3. HP: 17/17 MP: 4/4
   879 | D:2      | Found a sparkling altar of Nemelex Xobeh.
  1021 | D:2      | Reached skill level 4 in Stealth
  1083 | D:2      | Noticed Terence
  1722 | D:2      | Reached XP level 4. HP: 7/21 MP: 5/5
  2080 | D:2      | Noticed Natasha
  2088 | D:2      | Killed from afar by Natasha
  2089 | D:2      | Reached XP level 3. HP: -5/17 MP: 4/4
  2113 | D:2      | Killed Natasha
  2131 | D:2      | Reached XP level 4. HP: 21/21 MP: 5/5
  2500 | D:3      | Found an iron altar of Okawaru.
  2501 | D:3      | Found a snail-covered altar of Cheibriados.
  2501 | D:3      | Found a glowing golden altar of the Shining One.
  2502 | D:3      | Noticed an ogre
  2755 | D:3      | Found an ancient bone altar of Kikubaaqudgha.
  2755 | D:3      | Found a blossoming altar of Fedhas.
  2879 | D:3      | Killed an ogre
  2879 | D:3      | Reached skill level 5 in Stealth
  2879 | D:3      | Reached XP level 5. HP: 19/25 MP: 6/6
  3198 | D:3      | Slain by a scorpion

Illustrated notes

Levels and vault maps discovered:
D:1:      minmay_arrival_wavy_path, layout_basic
D:2:      cheibrodos_old_hovel, layout_basic, lemuel_doored_altar,
          minmay_goblin_kobold_house, uniq_natasha, uniq_terence
D:3:      layout_basic, grunt_temple_overflow_growth_and_decay,
          old_standard_altar, chequers_temple_overflow_statue_of_worship

Skill      XL: |  1  2  3  4 |
---------------+-------------+-----
Stealth        | 3 4 5 |  5.5
Unarmed Combat | 4 |  4.5
Fighting       | |  3.7
Dodging        | |  4.9

Action                   |  1- 3 |  4- 6 || total
-------------------------+-------+-------++-------
Melee: Unarmed           |    69 |   111 ||   180
       Bite              |     9 |    16 ||    25
       Punch             |       |     1 ||     1
  Use: Scroll            |       |     3 ||     3
       Potion            |       |     1 ||     1
 Stab: Sleeping          |    15 |     5 ||    20
       Distracted        |     1 |       ||     1
  Eat: Chunk             |    11 |     6 ||    17
Armor: Skin              |     3 |     3 ||     6
Dodge: Dodged            |    36 |    71 ||   107
